 Dungeon Crawl Stone Soup version 0.19-a0-854-gc78d25d (webtiles) character file.

253 Implojin the Cleaver (level 5, -4/45 HPs)
             Began as a Minotaur Berserker on July 1, 2016.
             Was a Follower of Trog.
             Killed by nerve-wracking pain
             ... invoked by a shadow imp
              (13 damage)
             ... on level 5 of the Dungeon.
             The game lasted 00:02:46 (489 turns).

Implojin the Cleaver (Minotaur Berserker)            Turns: 489, Time: 00:02:46

Health: -4/45      AC:  7    Str: 21    XL:     5   Next: 90%
Magic:  4/4        EV: 17    Int:  4    God:    Trog [*.....]
Gold:   0          SH:  0    Dex: 16    Spells: 0 memorised, 4 levels left

rFire  . . .     SeeInvis .     a - +0 hand axe
rCold  . . .     Gourm    .     i - +0 ring mail (curse)
rNeg   . . .     Faith    .     (no shield)
rPois  .         Spirit   .     (helmet restricted)
rElec  .         Dismiss  .     (no cloak)
rCorr  .         Reflect  .     p - +1 pair of gloves
SustAt .         Harm     .     (no boots)
MR     .....                    (no amulet)
Stlth  ++........               (no ring)
                                (no ring)

@: agile, marked, not resistant to hostile enchantments, unstealthy
A: retaliatory headbutt, horns 2
a: Berserk, Burn Spellbooks, Renounce Religion


You were on level 5 of the Dungeon.
You worshipped Trog.
Trog was aware of your devotion.
You were not hungry.

You visited 1 branch of the dungeon, and saw 5 of its levels.

Inventory:

Hand Weapons
 a - a +0 hand axe (weapon)
Armour
 b - a +0 animal skin
 i - a cursed +0 ring mail (worn)
 p - a +1 pair of gloves (worn)
Jewellery
 l - an uncursed amulet of harm {unknown}
Scrolls
 e - 2 scrolls of remove curse {unknown}
 g - a scroll of enchant armour {unknown}
 h - 2 scrolls of magic mapping {unknown}
 k - a scroll of fog {unknown}
Potions
 f - a potion of heal wounds
 j - a potion of curing
 m - a potion of cancellation {unknown}
 n - a potion of mutation {unknown}
 o - a potion of brilliance {unknown}
Comestibles
 c - 2 bread rations
 q - 4 chunks of flesh


   Skills:
 - Level 3.6 Fighting
 * Level 8.0 Axes
 - Level 2.4 Armour
 - Level 2.1 Dodging


You had 4 spell levels left.
You didn't know any spells.

Dungeon Overview and Level Annotations

Branches:
Dungeon (5/15)             Temple (0/1) D:5

Altars:
Fedhas
Pakellas
Xom
Zin

Annotations:
D:5 Edmund


Innate Abilities, Weirdness & Mutations

You reflexively headbutt those who attack you in melee.
You have a pair of horns on your head.


Message History

f - a potion of heal wounds The worker ant zombie barely misses you.
You furiously retaliate!
You headbutt the worker ant zombie, but do no damage.
As you read the scroll of identify, it crumbles to dust.
j - a potion of curing The worker ant zombie misses you.
You feel agile all of a sudden.
The crimson imp blinks!
The worker ant zombie completely misses you.
You furiously retaliate!
You headbutt the worker ant zombie, but do no damage.
A worker ant comes into view.
You slash the worker ant zombie!
The worker ant zombie closely misses you.
You furiously retaliate!
You headbutt the worker ant zombie.
You hit the worker ant zombie but do no damage.
The howler monkey hoots and howls with incredible vigour!
The worker ant zombie bites you but does no damage.
You hit the worker ant zombie but do no damage.
You headbutt the worker ant zombie, but do no damage.
The worker ant zombie bites you but does no damage.
You hit the worker ant zombie.
The worker ant zombie closely misses you.
An orc comes into view. It is wielding a dagger.
You slash the worker ant zombie!
You destroy the worker ant zombie!
Your Axes skill increases to level 8!
The shadow imp gestures at you. Pain shoots through your body!
* * * LOW HITPOINT WARNING * * *
An orc priest comes into view.
The orc priest casts a cantrip, but nothing happens.
The shadow imp closely misses you.
Unknown command.
The crimson imp spits at you.
The howler monkey hoots and howls with incredible vigour!
The shadow imp gestures at you. Pain shoots through your body!
You die...

##..#..#
#......#
#..###.#
#o.###.#
.#...#.#
#..# #
###....#
#.o###.#
..#..#
#5h....#
#####.#
#@###..# #
#5# .#
#.###..#
#.@....#
#####.....
###


You could see Edmund, an orc priest, a crimson imp and a shadow imp.

Vanquished Creatures
  A giant frog zombie (D:5)
  A giant frog skeleton (D:4)
  A gnoll shaman (D:4)
  An iguana (D:4)
  A worker ant (D:5)
  A worker ant zombie (D:5)
  4 gnolls (D:4)
  4 adders
  An adder zombie (D:4)
  2 adder skeletons
  2 dart slugs
  A giant cockroach (D:3)
  A goblin (D:2)
  A hobgoblin (D:1)
  A quokka (D:2)
  A bat (D:1)
  2 giant newts
  A kobold (D:2)
  A rat (D:2)
28 creatures vanquished.

Notes
Turn   | Place    | Note
-------+----------+-------------------------------------------
     0 | D:1      | Implojin the Minotaur Berserker began the quest for the Orb.
     0 | D:1      | Reached XP level 1. HP: 19/19 MP: 0/0
    55 | D:1      | Reached skill level 4 in Axes
    82 | D:2      | Found a glowing silver altar of Zin.
    82 | D:2      | Found a shimmering altar of Xom.
    83 | D:2      | Noticed an angel
   120 | D:2      | Reached XP level 2. HP: 15/26 MP: 1/1
   185 | D:2      | Reached skill level 5 in Axes
   185 | D:2      | Reached XP level 3. HP: 19/31 MP: 2/2
   314 | D:4      | Reached skill level 6 in Axes
   314 | D:4      | Reached XP level 4. HP: 39/39 MP: 3/3
   317 | D:4      | Reached skill level 7 in Axes
   317 | D:4      | Reached XP level 5. HP: 45/45 MP: 4/4
   332 | D:4      | Found a blossoming altar of Fedhas.
   375 | D:4      | You fall through a shaft!
   375 | D:5      | Entered Level 5 of the Dungeon
   413 | D:5      | Found an oddly glowing altar of Pakellas.
   423 | D:5      | Found a staircase to the Ecumenical Temple.
   471 | D:5      | Noticed Edmund
   486 | D:5      | Reached skill level 8 in Axes
   489 | D:5      | Killed from afar by a shadow imp

Vault maps used:
D:1:      lightli_arrival_quake
D:2:      grunt_temple_overflow_order_and_chaos_1, first_bread, serial_glass,
          glass_columns_b, glass_columns_c, glass_columns_a, glass_columns_b,
          glass_columns_a, glass_columns_a
D:3:      lemuel_coloured_pillars_altar, uniq_natasha
D:4:      fedhas_altar_3, uniq_pikel, uniq_eustachio, uniq_menkaure
D:5:      lemuel_round_altar, grunt_pakellas_basics, uniq_grinder, uniq_edmund

Skill      XL: |  1  2  3  4  5 |
---------------+----------------+-----
Axes           | 4 5 6 7 8 |  8.0
Fighting       | |  3.6
Armour         | |  2.4
Dodging        | |  2.1

Action                   |  1- 3 |  4- 6 || total
-------------------------+-------+-------++-------
Melee: Hand axe          |    26 |    38 ||    64
       Headbutt          |     8 |    11 ||    19
Invok: Berserk           |     1 |       ||     1
  Use: Scroll            |       |     3 ||     3
       Potion            |       |     1 ||     1
Armor: Animal skin       |     1 |       ||     1
       Ring mail         |     4 |    20 ||    24
Dodge: Dodged            |    15 |    16 ||    31

Table legend:
 A = Turns spent in this place as a percentage of turns spent in the entire game.
 B = Non-inter-level travel turns spent in this place as a percentage of non-inter-level travel turns spent in the entire game.
 C = Inter-level travel turns spent in this place as a percentage of turns spent in this place.
 D = Turns resting spent in this place as a percentage of non-inter-level travel turns spent in this place.
 E = Turns spent auto-exploring this place as a percentage of non-inter-level travel turns spent in this place.
 F = Non-inter-level travel turns spent in this place divided by the number of levels of this place that you've seen.
                   A       B       C       D       E      F
               +-------+-------+-------+-------+-------+----------------------
         Total | 100.0 | 100.0 |   0.0 |   0.0 |   0.0 |  98.6
       Dungeon | 100.0 | 100.0 |   0.0 |   0.0 |   0.0 |  98.6
               +-------+-------+-------+-------+-------+----------------------

Table legend:
 A = Kills in this place as a percentage of kills in entire the game.
 B = Kills by you in this place as a percentage of kills by you in the entire game.
 C = Kills by friends in this place as a percentage of kills by friends in the entire game.
 D = Other kills in this place as a percentage of other kills in the entire game.
 E = Experience gained in this place as a percentage of experience gained in the entire game.
 F = Experience gained in this place divided by the number of levels of this place that you have seen.
                   A       B       C       D       E      F
               +-------+-------+-------+-------+-------+----------------------
         Total | 100.0 | 100.0 |  -nan |  -nan | 100.0 |  72.4
       Dungeon | 100.0 | 100.0 |  -nan |  -nan | 100.0 |  72.4
               +-------+-------+-------+-------+-------+----------------------
